 Dungeon Crawl Stone Soup version 0.31.0-9-g3a7656b989 (webtiles) character file.

Game seed: 8877702076022799506

5 qw the Shooter (level 1, 0/12 HPs)
             Began as a Deep Elf Hunter on Feb 2, 2024.
             Slain by an adder (2 damage)
             ... on level 2 of the Dungeon.
             The game lasted 00:00:00 (61 turns).

qw the Shooter (Deep Elf Hunter)                      Turns: 61, Time: 00:00:00

Health: 0/12       AC:  3    Str:  8    XL:     1   Next: 66%
Magic:  3/3        EV: 12    Int: 13    God:
Gold:   10         SH:  0    Dex: 18    Spells: 0/0 levels left

rFire   . . .        a - +0 shortbow
rCold   . . .        (shield currently unavailable)
rNeg    . . .        c - +0 leather armour
rPois   .            (no helmet)
rElec   .            (no cloak)
rCorr   .            (no gloves)
SInv    .            (no boots)
Will    .....        (no amulet)
Stlth   ++           (no ring)
HPRegen 0.22/turn    (no ring)
MPRegen 0.08/turn

%: no passive effects
@: lethally poisoned (0 -> -5)
A: no striking features
a: no special abilities


You were on level 2 of the Dungeon.
You visited 1 branch of the dungeon, and saw 2 of its levels.

You collected 10 gold pieces.


   Skills:
 - Level 1.5 Fighting
 + Level 5.7 Ranged Weapons
 - Level 2.4 Dodging
 - Level 1.2 Stealth


You couldn't memorise any spells.
You didn't know any spells.
Your spell library was empty.

Inventory:

Hand Weapons
 a - a +0 shortbow (weapon)
Armour
 c - a +0 leather armour (worn)
Scrolls
 b - a scroll of butterflies
Potions
 d - 3 potions of resistance {unknown}
 e - a potion of invisibility {unknown}

Dungeon Overview and Level Annotations

Branches:
Dungeon (2/15)

Altars:


Message History

You shoot an arrow. The arrow hits the quokka!
You kill the quokka!
You open the door.
There is an open door here.
Found a hand axe.
A rat comes into view.
The rat squeaks loudly.
You shoot an arrow. The arrow barely misses the rat.
You shoot an arrow. The arrow barely misses the rat.
You shoot an arrow. The arrow hits the rat.
You kill the rat!
A dart slug and an adder come into view.
You shoot an arrow.
The arrow hits the adder but does no damage.
You shoot an arrow. The arrow hits the adder!
The adder is heavily wounded.
You shoot an arrow. The arrow barely misses the adder.
You shoot an arrow. The arrow barely misses the adder.
The arrow hits the dart slug!
The dart slug is almost dead.
The adder bites you.
You are poisoned.
The adder poisons you!
A ball python comes into view.
You shoot an arrow. The arrow closely misses the adder.
The ball python hisses angrily.
The arrow hits the dart slug.
You kill the dart slug!
You feel sick. The adder bites you but does no damage. The adder bites you.
You shoot an arrow. The arrow misses the adder.
The arrow hits the ball python.
You kill the ball python!
You feel sick. The adder bites you but does no damage.
The adder closely misses you.
You shoot an arrow. The arrow misses the adder.
You feel sick. The adder bites you.
You are lethally poisoned!
The adder poisons you!
You shoot an arrow. The arrow barely misses the adder.
You feel sick. The adder bites you.
You die...

....#.###.......#
....'...#.......#
....#.#.#.#####.#
....#%#.#.#####.#
....#.#.........#
....#.#.#..#..#.#
....#........)..##
.######....#.....#
. ........#.@#
#.......#.S#
##.###..#..# .#
#..#... #. #..##
...# ..%# .....


You could see an adder.

Vanquished Creatures
  A dart slug (D:2)
  A quokka (D:2)
  A ball python (D:2)
  A rat (D:2)
4 creatures vanquished.

Notes
Turn   | Place    | Note
-------+----------+-------------------------------------------
     0 | D:1      | qw the Deep Elf Hunter began the quest for the Orb.
     0 | D:1      | Reached XP level 1. HP: 12/12 MP: 3/3
     0 | D:1      | 0 ||| qw: Version: 0.3-a-155-g5e7d8dd
     0 | D:1      | 0 ||| qw: Game counter: 705
     0 | D:1      | 0 ||| qw: Melee chars always use a shield: true
     0 | D:1      | 0 ||| qw: God list: Okawaru
     0 | D:1      | 0 ||| qw: Allow faded altars: false
     0 | D:1      | 0 ||| qw: Do Orc after clearing Dungeon:15 true
     0 | D:1      | 0 ||| qw: Do second Lair branch before Depths: true
     0 | D:1      | 0 ||| qw: Lair rune preference: random
     0 | D:1      | 0 ||| qw: Goals: Normal
     0 | D:1      | 0 ||| PLANNING D:1-11
    10 | D:1      | You fall into a shaft and drop 1 floor!
    60 | D:2      | HP: 3/12 [adder (2)]
    61 | D:2      | Slain by an adder

Levels and vault maps discovered:
D:1:      orjb1_lava_funnel, layout_basic, serial_rivers,
          chequers_serial_rivers_micro_b, chequers_serial_rivers_micro_d,
          chequers_serial_rivers_large_a, chequers_serial_rivers_small_a
D:2:      layout_basic, chequers_ecumenical_altar_twisty, grunt_ministairs_1,
          minmay_box_of_dots, uniq_sigmund, uniq_crazy_yiuf_cottage

Action                     || total
---------------------------++-------
   Fire: Shortbow          ||    13
 Armour: Leather armour    ||     6
  Dodge: Dodged            ||     1

Table legend:
 A = Non-vault XP
 B = Vault XP
 C = Vault XP percentage of total XP
 D = Non-vault monster count
 E = Vault monster count
 F = Vault count percentage of total count
                 A         B        C        D         E       F
            +---------+---------+-------+---------+---------+-------
      Total |       7 |       1 |  12.5 |       3 |       1 |  25.0
            +---------+---------+-------+---------+---------+-------
        D:2 |       7 |       1 |  12.5 |       3 |       1 |  25.0
            +---------+---------+-------+---------+---------+-------
